 Dungeon Crawl Stone Soup version 0.30-a0-365-ge7f957f1db (webtiles) character file.

Game seed: 2667026173597421404

12 MachoJfn the Trooper (level 2, -1/24 HPs)
             Began as a Demonspawn Berserker on Nov 17, 2022.
             Was a Follower of Trog.
             Slain by a kobold
             ... wielding a +1 dagger of venom
              (2 damage)
             ... on level 1 of the Dungeon.
             The game lasted 00:02:37 (276 turns).

MachoJfn the Trooper (Demonspawn Berserker)          Turns: 276, Time: 00:02:38

Health: -1/24      AC:  2    Str: 14 (17) XL:     2   Next: 20%
Magic:  2/2        EV: 14    Int:  6 (8)  God:    Trog [*.....]
Gold:   8          SH:  0    Dex: 11 (12) Spells: 1/1 levels left

rFire   . . .      SeeInvis .    a - +0 short sword
rCold   . . .      Faith    .    (no shield)
rNeg    + . .      Spirit   .    b - +0 animal skin
rPois   .          Reflect  .    (no helmet)
rElec   .          Harm     .    (no cloak)
rCorr   .          Rampage  .    (no gloves)
Will    .....                    (no boots)
Stlth   +.........               (no amulet)
HPRegen 0.24/turn                c - ring of positive energy
MPRegen 0.08/turn                (no ring)

@: lethally poisoned (-1 -> -5), weak-willed
A: repulsion field 1
a: Renounce Religion, Berserk


You were on level 1 of the Dungeon.
You worshipped Trog.
Trog was aware of your devotion.
You visited 1 branch of the dungeon, and saw 1 of its levels.

You collected 8 gold pieces.

Inventory:

Hand Weapons
 a - a +0 short sword (weapon)
Armour
 b - a +0 animal skin (worn)
Jewellery
 c - a ring of positive energy (left hand)


   Skills:
 + Level 3.2 Fighting
 + Level 3.0 Short Blades
 + Level 1.8 Armour
 + Level 1.9 Dodging


You had one spell level left.
You didn't know any spells.
Your spell library was empty.

Dungeon Overview and Level Annotations

Branches:
Dungeon (1/15)

Altars:


Innate Abilities, Weirdness & Mutations

You are surrounded by a mild repulsion field. (EV +2)


Message History

The kobold hits you with a +1 dagger of venom.
You are poisoned.
You barely miss the kobold.
The kobold is moderately wounded.
You feel very sick. The kobold closely misses you.
You closely miss the kobold.
The kobold is moderately wounded.
You feel sick.
You barely miss the kobold.
The kobold is moderately wounded.
You feel sick. The kobold closely misses you.
You miss the kobold.
The kobold is moderately wounded.
You feel sick.
The kobold hits you with a +1 dagger of venom.
You are lethally poisoned!
You closely miss the kobold.
The kobold is moderately wounded.
You feel sick. The kobold closely misses you.
You barely miss the kobold.
The kobold is moderately wounded.
* * * LOW HITPOINT WARNING * * *
You feel very sick. The kobold closely misses you.
You closely miss the kobold.
The kobold is moderately wounded.
* * * LOW HITPOINT WARNING * * *
You feel sick. The kobold barely misses you.
It was a potion of degeneration.
There was something very wrong with that liquid.
You feel weakened.
You feel dopey.
You feel clumsy.
* * * LOW HITPOINT WARNING * * *
You feel sick. The kobold closely misses you.
As you read the scroll labelled GATROWNEONO, it crumbles to dust.
Magic quickly surges around you.
It was a scroll of vulnerability.
* * * LOW HITPOINT WARNING * * *
You feel sick.
The kobold hits you with a +1 dagger of venom.
You die...

#. #. ## #.
######## ###.##.
#......# .....#.
#@# .......# #K#
#....#.#######.####
# #.#.............#
#.#......#####.##.#
#........># #.# #
#.#.##.#.#.###.#
.## #......##.##..
... ####.###.#####


You could see a kobold (weak-willed).

Vanquished Creatures
  A dart slug (D:1)
  2 ball pythons (D:1)
  A bat (D:1)
  An endoplasm (D:1)
  2 hobgoblins (D:1)
  A frilled lizard (D:1)
  A kobold (D:1)
  A rat (D:1)
10 creatures vanquished.

Vanquished Creatures (others)
  A plant (D:1)
1 creature vanquished.

Grand Total: 11 creatures vanquished

Notes
Turn   | Place    | Note
-------+----------+-------------------------------------------
     0 | D:1      | MachoJfn the Demonspawn Berserker began the quest for the
                  | Orb.
     0 | D:1      | Reached XP level 1. HP: 18/18 MP: 1/1
   179 | D:1      | Gained mutation: You are surrounded by a mild repulsion
                  | field. (EV +2) [demonic ancestry]
   179 | D:1      | Reached XP level 2. HP: 19/24 MP: 2/2
   276 | D:1      | HP: 1/24 [poisoned by a kobold]
   276 | D:1      | Slain by a kobold

Illustrated notes

Levels and vault maps discovered:
D:1:      dpeg_arrival_line_fractal, layout_loops_corners,
          shapermc_ecumenical_altar_flowoftime, serial_bayou_pond_d

Skill      XL: |  1  2 |
---------------+-------+-----
Short Blades   | 3 |  3.0
Fighting       | |  3.2
Armour         | |  1.8
Dodging        | |  1.9

Action                   || total
-------------------------++-------
Melee: Short sword       ||    42
  Use: Scroll            ||     2
       Potion            ||     1
Armor: Animal skin       ||     3
Dodge: Dodged            ||    22

Table legend: (Time is in decaauts)
 A = Elapsed time spent in this place.
 B = Non-inter-level travel time spent in this place.
 C = Inter-level travel time spent in this place.
 D = Time resting spent in this place.
 E = Time spent auto-exploring this place.
 F = Levels seen in this place.
 G = Mean time per level.
                   A        B        C        D        E       F      G
               +--------+--------+--------+--------+--------+-----+--------+
         Total |    271 |     99 |    172 |      0 |     11 |   1 |  271.0 |
       Dungeon |    271 |     99 |    172 |      0 |     11 |   1 |  271.0 |
               +--------+--------+--------+--------+--------+-----+--------+

Top non-repeatable levels by time:
     D:1: 271 daAuts
